AoeStats
← El dengue

Golden Pit

510190330Analyzed
1v1 RM · 2d ago on Sep 29, 2026· 22m 27s· 2 players
Game mode
Random Map
Map size
Tiny (2 player)
Population
200
Speed
Normal
Resources
Standard
Victory
Conquest
Starting age
Dark Age
Ending age
Imperial Age
RankedLock teamsTeams togetherTeam positionsShared explorationLock speedFull tech treeHidden civsTurbo modeCheats
Victory
Defeat
🇨🇳 Magyars · China
950
+15
🇦🇷 Saracens · Argentina
925
-15
El dengue
6:52 Loom
9:12 Feudal Age
21:33 Castle Age
nieson
9:26 Feudal Age
9:41 Loom
10:59 Double-Bit Axe
11:10 Horse Collar
20:36 Castle Age
19:39 Bloodlines
19:41 Scale Barding Armor
20:04 Bloodlines
21:46 Heavy Plow
21:58 Bow Saw
22:15 Padded Archer Armor
Connection lost

Rejoining the realm…

Still unreachable

The connection could not be restored.

Session expired

The server has moved on; the page needs a fresh start.